 Dungeon Sprint DCSS version 0.23.2-30-g0e89c35649 (webtiles) character file.

Game seed: 15531302677176571108

7400000 Aldia the Axe Maniac (level 27, -2/273 HPs)
             Began as a Ghoul Warper on June 14, 2019.
             Was the Champion of Makhleb.
             Slain by a meat berserker
             ... wielding a +9 battleaxe
              (35 damage)
             ... in the Dungeon (Sprint VIII: "Arena of Blood").
             The game lasted 00:02:16 (74 turns).

Aldia the Axe Maniac (Ghoul Warper)                   Turns: 74, Time: 00:02:17

Health: -2/273     AC:  6    Str: 19    XL:     27
Magic:  33/53      EV: 32    Int:  8    God:    Makhleb [******]
Gold:   0          SH:  0    Dex: 17    Spells: 80/80 levels left

rFire    . . .     SeeInvis +   b - +∞ Axe of Woe
rCold    + . .     Gourm    .   (shield currently unavailable)
rNeg     + + +     Faith    .   a - +0 leather armour
rPois    ∞         Spirit   .   (no helmet)
rElec    .         Reflect  .   (no cloak)
rCorr    .         Harm     .   (no gloves)
MR       ++...     NoTele   +   (no boots)
Stlth    +++++++++.             (no amulet)
HPRegen  0.00/turn              k - ring of see invisible
MPRegen  0.33/turn              (no ring)

@: rotting
A: rotting body, claws 1, carnivore, cold resistance 1, negative energy
resistance 3, inhibited regeneration, torment resistance, unbreathing
a: Minor Destruction, Lesser Servant of Makhleb, Major Destruction, Greater
Servant of Makhleb, Renounce Religion


You were in the Dungeon.
You worshipped Makhleb.
Makhleb was exalted by your worship.
You were not hungry.

You visited 1 branch

Inventory:

Hand Weapons
 b - the +∞ Axe of Woe (weapon)
   (You found it in the Dungeon)
Missiles
 d - 5 tomahawks of dispersal (quivered)
Armour
 a - a +0 leather armour (worn)
Jewellery
 k - a ring of see invisible (left claw)
Scrolls
 c - 2 scrolls of blinking
Potions
 e - a potion of curing
 g - a potion of heal wounds
 h - a potion of haste
 i - 2 potions of magic
 j - a potion of berserk rage
Comestibles
 f - a ration


   Skills:
 O Level 27 Fighting
 O Level 27 Axes
 O Level 27 Throwing
 O Level 27 Armour
 O Level 27 Dodging
 O Level 27 Stealth
 O Level 27 Unarmed Combat
 O Level 27 Spellcasting
   Level 2.6 Translocations
 O Level 27 Invocations


You had 80 spell levels left.
You didn't know any spells.
Your spell library contained the following spells:

 Spells                   Type           Power        Failure   Level  Hunger
 Blink                    Tloc           N/A          1%          2    None
 Shroud of Golubria       Chrm/Tloc      ##........   2%          2    None
 Gell's Gravitas          Tloc           ###.......   3%          3    None
 Lesser Beckoning         Tloc           ###.......   3%          3    None
 Teleport Other           Tloc           ###.....     3%          3    None
 Passage of Golubria      Tloc           N/A          10%         4    ##.....


Dungeon Overview and Level Annotations

Branches:
Dungeon (1/1)

Altars:
Makhleb


Innate Abilities, Weirdness & Mutations

Your body is rotting away.
You thrive on raw meat.
You are immune to poison.
You have sharp fingernails.
You are carnivorous and can eat meat at any time.
Your flesh is cold resistant. (rC+)
You are immune to negative energy. (rN+++)
You do not regenerate when monsters are visible.
You are immune to unholy pain and torment.
You can survive without breathing.


Message History

You carve the bag of meat like a ham!!!
You dissect the bag of meat like a pig carcass.
You kill the bag of meat!
Makhleb accepts your kill.
A meat berserker comes into view. It is wielding a +9 battleaxe.
You hear a shout! x2
An orc and an ogre come into view.
You hear a shout! x4
The meat berserker rages.
You hear a shout! x2
The destroyer blinks!
You hear a shout!
The bag of meat misses you.
A bag of meat comes into view. It is wielding a +9 war axe.
You hear a shout! x4
The large bag of meat hits you with a +9 giant spiked club!!!! x2
* * * LOW HITPOINT WARNING * * *
You hear a shout!
The meat berserker hits you with a +9 battleaxe!!
You die... #......)._....% #.. ......))###.... .O. ...###.......## oo.o ......#.....%.#. ozo.

. ......#.))....#.
..oO#.........).)......
o.#o#.#......)))).....
xo#o#x....%.%))).....
.. #.#@#.......%))....#
#...#O#OM...#...%).%.#.
#...V.).))...........#.
..##W.)x).%##.#..)%...%
##.....).O..%.......
......####..%%#)))..##
###..........%).).....
####.........)).....
####........)....


You could see an accursed, a destroyer, a sculptor of flesh, a large bag of meat
(inner flame), a dread, 4 meat berserkers, 7 bags of meat and 2 crawling
corpses.

Vanquished Creatures
  A hell beast (D)
  2 greater mummies (D)
  6 vampire knights (D)
  15 ogres (D)
  5 two-headed ogres (D)
  A lich (D)
  A hydra (D)
  33 orcs (D)
  6 skeletal warriors (D)
  3 large abominations (D)
  A small abomination (D)
  6 crawling corpses (D)
80 creatures vanquished.

Vanquished Creatures (others)
  A crawling corpse (D)
1 creature vanquished.

Grand Total: 81 creatures vanquished

Notes
Turn   | Place    | Note
-------+----------+-------------------------------------------
     0 | D        | Found the +∞ Axe of Woe
     0 | D        | Aldia the Ghoul Warper began the quest for the Orb.
     0 | D        | Reached XP level 1. HP: 17/17 MP: 2/2
     3 | D        | Noticed a meat berserker
     4 | D        | Became a worshipper of Makhleb the Destroyer
     5 | D        | Noticed a bag of meat
     6 | D        | Killed a meat berserker
     6 | D        | Reached XP level 2. HP: 50/50 MP: 3/3
     6 | D        | Reached XP level 3. HP: 57/57 MP: 4/4
     6 | D        | Reached XP level 4. HP: 64/64 MP: 5/5
     6 | D        | Reached XP level 5. HP: 71/71 MP: 6/6
     6 | D        | Reached XP level 6. HP: 80/80 MP: 7/7
     6 | D        | Reached XP level 7. HP: 86/86 MP: 8/8
     6 | D        | Reached XP level 8. HP: 94/94 MP: 9/9
     6 | D        | Reached XP level 9. HP: 101/101 MP: 10/10
     6 | D        | Reached XP level 10. HP: 108/108 MP: 11/11
     6 | D        | Reached XP level 11. HP: 115/115 MP: 12/12
     6 | D        | Reached XP level 12. HP: 124/124 MP: 13/13
     6 | D        | Reached XP level 13. HP: 130/130 MP: 14/14
     7 | D        | Noticed a bag of meat
     8 | D        | Noticed a meat berserker
     9 | D        | Killed a bag of meat
     9 | D        | Reached * piety under Makhleb
     9 | D        | Reached skill level 15 in Armour
     9 | D        | Reached skill level 15 in Dodging
     9 | D        | Reached XP level 14. HP: 141/141 MP: 15/15
     9 | D        | Killed a bag of meat
    10 | D        | Noticed a bag of meat
    11 | D        | Killed a meat berserker
    11 | D        | Reached XP level 15. HP: 157/157 MP: 16/16
    13 | D        | Noticed a meat berserker
    13 | D        | Noticed a meat berserker
    14 | D        | Noticed a meat berserker
    14 | D        | Noticed a meat berserker
    15 | D        | Noticed a large bag of meat
    16 | D        | Noticed a meat berserker
    16 | D        | Noticed a meat berserker
    16 | D        | Noticed a meat berserker
    17 | D        | Killed a meat berserker
    17 | D        | Reached ** piety under Makhleb
    17 | D        | Reached XP level 16. HP: 170/170 MP: 17/17
    18 | D        | Killed a meat berserker
    18 | D        | Reached skill level 27 in Axes
    18 | D        | Reached XP level 17. HP: 184/184 MP: 18/18
    18 | D        | Reached *** piety under Makhleb
    18 | D        | Noticed a destroyer
    19 | D        | Reached XP level 18. HP: 199/199 MP: 19/19
    19 | D        | Reached skill level 27 in Fighting
    19 | D        | Killed a meat berserker
    19 | D        | Reached **** piety under Makhleb
    19 | D        | Killed a meat berserker
    19 | D        | Reached skill level 27 in Armour
    19 | D        | Reached skill level 27 in Dodging
    19 | D        | Reached XP level 19. HP: 207/207 MP: 19/31
    19 | D        | Killed a meat berserker
    19 | D        | Noticed a large bag of meat
    20 | D        | Killed a meat berserker
    20 | D        | Reached skill level 27 in Invocations
    20 | D        | Reached XP level 20. HP: 216/216 MP: 19/36
    20 | D        | Reached ***** piety under Makhleb
    20 | D        | Reached skill level 10 in Spellcasting
    20 | D        | Reached skill level 15 in Unarmed Combat
    21 | D        | Reached skill level 15 in Throwing
    21 | D        | Reached XP level 21. HP: 224/224 MP: 19/38
    21 | D        | Reached skill level 15 in Spellcasting
    23 | D        | Killed a large bag of meat
    23 | D        | Noticed a large bag of meat
    23 | D        | Noticed a destroyer
    24 | D        | Reached XP level 22. HP: 233/233 MP: 19/44
    24 | D        | Reached ****** piety under Makhleb
    24 | D        | Reached skill level 27 in Stealth
    24 | D        | Reached skill level 27 in Unarmed Combat
    25 | D        | Reached XP level 23. HP: 240/240 MP: 20/50
    25 | D        | Killed a destroyer
    25 | D        | Reached skill level 27 in Throwing
    25 | D        | Reached skill level 27 in Spellcasting
    26 | D        | Noticed a large bag of meat
    26 | D        | Killed a large bag of meat
    26 | D        | Reached XP level 24. HP: 249/249 MP: 20/53
    26 | D        | Noticed a large bag of meat
    29 | D        | Killed a large bag of meat
    29 | D        | Noticed a destroyer
    30 | D        | Killed a large bag of meat
    30 | D        | Killed a large bag of meat
    30 | D        | Reached XP level 25. HP: 257/257 MP: 21/53
    30 | D        | Noticed a destroyer
    32 | D        | Killed a destroyer
    34 | D        | Noticed a destroyer
    36 | D        | Killed a destroyer
    36 | D        | Reached XP level 26. HP: 266/266 MP: 23/53
    39 | D        | Killed a destroyer
    44 | D        | Noticed an accursed
    44 | D        | Killed a destroyer
    44 | D        | Reached XP level 27. HP: 273/273 MP: 25/53
    49 | D        | Noticed an accursed
    52 | D        | Noticed a tyrant
    53 | D        | Killed a tyrant
    55 | D        | Noticed an accursed
    55 | D        | Killed an accursed
    57 | D        | Noticed an accursed
    61 | D        | Noticed a meat beast
    65 | D        | Noticed a destroyer
    65 | D        | Noticed a large bag of meat
    65 | D        | Killed a meat beast
    68 | D        | Killed an accursed
    69 | D        | Killed a destroyer
    70 | D        | Noticed a dread
    70 | D        | Noticed a destroyer
    71 | D        | Noticed a meat beast
    74 | D        | Slain by a meat berserker

Skill      XL: |  1  2  3  4  5  6  7  8  9 10 11 12 13 14 15 16 17 18 19 20 21 22 23 |
---------------+----------------------------------------------------------------------+-----
Fighting       | 16 17 20 22 24 26 27 | 27.0
Axes           | 18 20 23 25 27 | 27.0
Armour         | 14 15 18 19 21 23 27 | 27.0
Dodging        | 14 15 18 19 21 23 27 | 27.0
Invocations    | 19 27 | 27.0
Throwing       | 9 15 20 26 27 | 27.0
Stealth        | 12 19 25 27 | 27.0
Unarmed Combat | 11 18 24 27 | 27.0
Spellcasting   | 8 14 19 24 27 | 27.0
Translocations | |  2.6

Action                   |  1- 3 |  4- 6 |  7- 9 | 10-12 | 13-15 | 16-18 | 19-21 | 22-24 | 25-27 || total
-------------------------+-------+-------+-------+-------+-------+-------+-------+-------+-------++-------
Melee: Executioner's axe |     1 |       |       |       |     3 |     2 |     4 |     4 |    22 ||    36
 Stab: Distracted        |       |       |       |       |       |       |       |       |     1 ||     1
Dodge: Dodged            |       |       |       |       |       |       |     1 |       |     5 ||     6
